 Dungeon Crawl Stone Soup version 0.25-a0-424-g80bd347ae0 (webtiles) character file.

Game seed: 14974671750350941677, levelgen mode: deterministic

68 Kohma the Changer (level 4, 0/38 HPs)
             Began as a Naga Transmuter on Jan 23, 2020.
             Succumbed to a goblin's poison
             ... on level 2 of the Dungeon.
             The game lasted 00:05:20 (2496 turns).

Kohma the Changer (Naga Transmuter)                 Turns: 2496, Time: 00:05:21

Health: 0/38       AC:  2    Str: 12    XL:     4   Next: 19%
Magic:  7/7        EV: 10    Int: 14    God:
Gold:   126        SH:  0    Dex: 12    Spells: 4/7 levels left

rFire    . . .     SeeInvis +     - Unarmed
rCold    . . .     Gourm    .   (no shield)
rNeg     . . .     Faith    .   b - +0 robe
rPois    +         Spirit   .   (no helmet)
rElec    .         Reflect  .   (no cloak)
rCorr    .         Harm     .   (no gloves)
MR       .....                  (no barding)
Stlth    +.........             (no amulet)
HPRegen  0.12/turn              (no ring)
MPRegen  0.10/turn              (no ring)

@: lethally poisoned (0 -> -7), very slightly contaminated, hasted, quick
A: large, see invisible, deformed body, poison resistance, slowness 2, slow
metabolism 1, spit poison 1, AC +1
a: Spit Poison


You were on level 2 of the Dungeon.
You were hungry.

You visited 1 branch of the dungeon, and saw 2 of its levels.

You collected 126 gold pieces.

Inventory:

Missiles
 a - 37 arrows
 e - 17 poisoned darts (quivered)
Armour
 b - a +0 robe (worn)
 g - a +0 large shield
 i - a +0 leather armour of cold resistance
Jewellery
 f - an uncursed ring of protection from magic {unknown}
Scrolls
 k - 8 scrolls of teleportation {unknown}
 m - 3 scrolls of remove curse {unknown}
 n - a scroll of noise {unknown}
 o - a scroll of immolation {unknown}
Comestibles
 d - 4 rations


   Skills:
 - Level 1.0 Fighting
 - Level 1.5 Dodging
 - Level 3.0 Unarmed Combat
 - Level 2.0 Spellcasting
 + Level 4.3 Transmutations


You had 4 spell levels left.
You knew the following spells:

 Your Spells              Type           Power        Failure   Level  Hunger
a - Beastly Appendage     Tmut           ##....       4%          1    ##.....
b - Sticks to Snakes      Tmut           ##......     6%          2    ###....

Your spell library contained the following spells:

 Spells                   Type           Power        Failure   Level  Hunger
 Magic Dart               Conj           #...         24%         1    ##.....
 Spider Form              Tmut/Pois      #.........   28%         3    ####...
 Blink                    Tloc           N/A          34%         2    ###....
 Call Imp                 Summ           #.......     34%         2    ###....
 Slow                     Hex            #.......     34%         2    ###....
 Conjure Flame            Conj/Fire      #.......     56%         3    ####...
 Mephitic Cloud           Conj/Pois/Air  #.......     56%         3    ####...
 Ice Form                 Ice/Tmut       #.......     67%         4    #####..
 Blade Hands              Tmut           ##........   73%         5    ######.


Dungeon Overview and Level Annotations

Branches:
Dungeon (2/15)

Altars:


Innate Abilities, Weirdness & Mutations

You cannot wear boots.
Your serpentine skin is tough. (AC +1)
You have supernaturally acute eyesight. (SInv)
Armour fits poorly on your strangely shaped body.
Your system is resistant to poisons. (rPois)
You cover ground very slowly.
You have a slow metabolism.
You can spit poison.


Message History

* * * LOW HITPOINT WARNING * * *
It was a potion of haste.
You feel yourself speed up.
* * * LOW HITPOINT WARNING * * *
You feel sick. The goblin closely misses you.
The goblin hits you but does no damage.
As you read the scroll labeled ARISUSHAYF, it crumbles to dust.
The scroll dissolves into smoke.
It was a scroll of fog.
* * * LOW HITPOINT WARNING * * *
You feel sick.
The hobgoblin no longer looks unusually strong.
The goblin hits you.
* * * LOW HITPOINT WARNING * * *
As you read the scroll labeled VISARU XEYT, it crumbles to dust.
You feel aware of your surroundings.
You sensed 3 altars.
It was a scroll of magic mapping.
Your horns disappear.
The goblin misses you. The goblin barely misses you.
The goblin hits you but does no damage.
You barely miss the goblin.
You die...

,,,,,,*
******,,,*,,,,,*,,,,,,,**
,,,,,,*
*,,,,,,,,,**....,,,*****
,,,,,**
*,,,,,,,*,*.....,,,,**
,,,,**
*,,,,,,,*,,.#..,***,,*
***** ****,,**###r..,**
**,**** *,,,,....##,**
*,>,,*
*,***#gg..,,,#******,,
#,* ##g#.#*,..,,******
#.**#@g#.##..#*,,,*##
#..##§g§.....#***,..#
*#..§§§..###...####.##
#.##....# ***,,......
#.##....# ****#..##
#.##....#### *#...
#.##.......#######.≈.
##.......##.........≈≈
#...######...######..≈


You could see a hobgoblin, 4 goblins and a rat.

Vanquished Creatures
  Robin (D:2)
  A gnoll (D:1)
  An ooze (D:2)
  2 dart slugs
  A ball python (D:1)
  6 bats
  A giant cockroach (D:1)
  4 hobgoblins
  6 jackals
  2 frilled lizards (D:2)
  9 goblins
  2 kobolds
  4 rats
40 creatures vanquished.

Vanquished Creatures (collateral kills)
  A giant cockroach (D:2)
  A goblin (D:1)
  A hobgoblin (D:1)
  A jackal (D:2)
  A bat (D:1)
  A frilled lizard (D:2)
6 creatures vanquished.

Grand Total: 46 creatures vanquished

Notes
Turn   | Place    | Note
-------+----------+-------------------------------------------
     0 | D:1      | Kohma the Naga Transmuter began the quest for the Orb.
     0 | D:1      | Reached XP level 1. HP: 18/18 MP: 3/3
   375 | D:1      | Reached XP level 2. HP: 17/25 MP: 3/5
   493 | D:1      | Reached skill level 3 in Transmutations
   796 | D:1      | Learned a level 2 spell: Sticks to Snakes
   940 | D:1      | Reached XP level 3. HP: 2/31 MP: 1/6
  2131 | D:2      | Reached skill level 4 in Transmutations
  2473 | D:2      | Noticed Robin
  2482 | D:2      | Reached XP level 4. HP: 17/38 MP: 1/7
  2489 | D:2      | Killed Robin
  2494 | D:2      | HP: 1/38 [goblin[Robin] (2)]
  2496 | D:2      | Succumbed to a goblin's poison

Levels and vault maps discovered:
D:1:      dpeg_arrival_chambers_temple_mockup, layout_loops_cross,
          lemuel_old_faithful
D:2:      layout_rooms, marbit_many_paths, minitemple, dk_vineyard_3,
          minmay_pentomino_w4, uniq_robin

Skill      XL: |  1  2  3 |
---------------+----------+-----
Transmutations | 3 4 |  4.3
Fighting       | |  1.0
Dodging        | |  1.5
Unarmed Combat | |  3.0
Spellcasting   | |  2.0

Action                   |  1- 3 |  4- 6 || total
-------------------------+-------+-------++-------
Melee: Unarmed           |   119 |     8 ||   127
       Headbutt          |    21 |     5 ||    26
 Cast: Beastly Appendage |    22 |       ||    22
       Sticks to Snakes  |     8 |     1 ||     9
  Use: Scroll            |       |     2 ||     2
       Potion            |       |     2 ||     2
  Eat: Chunk             |     4 |       ||     4
Armor: Robe              |    57 |     3 ||    60
Dodge: Dodged            |   122 |     4 ||   126

Table legend:
 A = Non-vault XP
 B = Vault XP
 C = Vault XP percentage of total XP
 D = Non-vault monster count
 E = Vault monster count
 F = Vault count percentage of total count
                 A         B        C        D         E       F
            +---------+---------+-------+---------+---------+-------
      Total |      63 |      35 |  35.7 |      34 |      12 |  26.1
            +---------+---------+-------+---------+---------+-------
        D:1 |      46 |       0 |   0.0 |      23 |       0 |   0.0
        D:2 |      17 |      35 |  67.3 |      11 |      12 |  52.2
            +---------+---------+-------+---------+---------+-------
